[Event "ICC tourney 2541 (3 2)"]
[Site "Internet Chess Club"]
[Date "2021.04.30"]
[Round "1"]
[White "VAKHIDOV, JAKHONGIR:TjkTiger"]
[Black "Aimdilokwong, Alec Daniel:Alec-hine"]
[Result "1-0"]
[ICCResult "Black resigns"]
[WhiteElo "2603"]
[BlackElo "1666"]
[Opening "English: Anglo-Grünfeld, Smyslov defense"]
[ECO "A16"]
[NIC "EO.53"]
[Time "20:01:23"]
[PlyCount "39"]
[TimeControl "180+2"]

1. c4 Nf6 2. Nc3 d5 3. cxd5 Nxd5 4. g3 g6 5. Bg2 Nxc3 6. bxc3 Bg7 7. h4 O-O
8. h5 c5 9. hxg6 hxg6 10. Qa4 Bf6 11. Qf4 g5 12. Qe4 Re8 13. Nf3 e5 14. d3
Nc6 15. Nxg5 Bxg5 16. Qh7+ Kf8 17. Qh8+ Ke7 18. Bxg5+ Kd7 19. Bxc6+ bxc6
20. Bxd8 { Black resigns } 1-0

[Event "ICC tourney 2541 (3 2)"]
[Site "Internet Chess Club"]
[Date "2021.04.30"]
[Round "1"]
[White "WANG, YUANZHE:yogokings12"]
[Black "BELOUS, VLADIMIR:Openyagami"]
[Result "0-1"]
[ICCResult "White resigns"]
[WhiteElo "1592"]
[BlackElo "2602"]
[Opening "Sicilian: Nimzovich-Rossolimo attack (with ...g6, without ...d6)"]
[ECO "B31"]
[NIC "SI.31"]
[Time "20:01:15"]
[PlyCount "76"]
[TimeControl "180+2"]

1. e4 c5 2. Nf3 Nc6 3. Bb5 g6 4. Bxc6 dxc6 5. d3 Bg7 6. h3 b6 7. Nc3 Nh6 8.
Be3 f6 9. Qd2 Nf7 10. O-O e5 11. Nh2 O-O 12. f4 exf4 13. Bxf4 Be6 14. Be3
Qd7 15. Nf3 Rae8 16. Rad1 f5 17. Kh1 c4 18. Ng5 Nxg5 19. Bxg5 cxd3 20. Qxd3
Qxd3 21. cxd3 fxe4 22. dxe4 Rxf1+ 23. Rxf1 Rf8 24. Rxf8+ Kxf8 25. a3 Bd4
26. g3 Bxh3 27. Kh2 Be6 28. Kg2 Bg4 29. Bc1 Kf7 30. Na4 Ke6 31. Nc3 b5 32.
Kf1 a5 33. Ne2 Bxe2+ 34. Kxe2 a4 35. Kf3 h5 36. Ke2 g5 37. Kd3 Be5 38. Bxg5
Bxb2 { White resigns } 0-1

[Event "ICC tourney 2541 (3 2)"]
[Site "Internet Chess Club"]
[Date "2021.04.30"]
[Round "1"]
[White "LEVIN, EVGENY A:Assured"]
[Black "Clark, Dylan:SkywalkerRisen"]
[Result "1-0"]
[ICCResult "Black resigns"]
[WhiteElo "2586"]
[BlackElo "1541"]
[Opening "Torre attack (Tartakower variation)"]
[ECO "D03"]
[NIC "QP.06"]
[Time "20:01:27"]
[PlyCount "57"]
[TimeControl "180+2"]

1. d4 Nf6 2. Nf3 d5 3. Bg5 Ne4 4. Bf4 e6 5. Nbd2 Nd6 6. e3 a6 7. c4 Be7 8.
Bd3 dxc4 9. Nxc4 Nxc4 10. Bxc4 Bd7 11. O-O O-O 12. Rc1 c6 13. Ne5 Kh8 14.
Bd3 g6 15. Bh6 f6 16. Bxf8 Qxf8 17. Nxd7 Nxd7 18. Qb3 e5 19. Qxb7 Rd8 20.
Rxc6 exd4 21. exd4 Nb8 22. Rc7 Re8 23. g3 Kg7 24. Re1 Kf7 25. Bc4+ Kg7 26.
Rexe7+ Rxe7 27. Rxe7+ Kh6 28. Rxh7+ Kg5 29. h4+ { Black resigns } 1-0

[Event "ICC tourney 2541 (3 2)"]
[Site "Internet Chess Club"]
[Date "2021.04.30"]
[Round "1"]
[White "HIBBS, ROBERT:BotanicalKnight"]
[Black "YE, LUKE SICONG:lukeye"]
[Result "0-1"]
[ICCResult "White resigns"]
[WhiteElo "1381"]
[BlackElo "2075"]
[Opening "Sicilian: closed"]
[ECO "B23"]
[NIC "SI.44"]
[Time "20:01:21"]
[PlyCount "39"]
[TimeControl "180+2"]

1. e4 c5 2. Nc3 d6 3. f4 g6 4. Nf3 Bg7 5. d3 Nc6 6. g3 e6 7. Bg2 Nge7 8.
O-O a6 9. a3 b5 10. Rb1 Bb7 11. h3 O-O 12. g4 f5 13. g5 e5 14. fxe5 dxe5
15. h4 Nd4 16. Ne2 fxe4 17. dxe4 Nxf3+ 18. Bxf3 Qxd1 19. Rxd1 Rxf3 20. Kg2
{ White resigns } 0-1

[Event "ICC tourney 2541 (3 2)"]
[Site "Internet Chess Club"]
[Date "2021.04.30"]
[Round "1"]
[White "Zimmerman, Kevin:blackjack721"]
[Black "MARKOVIC, GORAN:Goran21"]
[Result "0-1"]
[ICCResult "White checkmated"]
[WhiteElo "1359"]
[BlackElo "1995"]
[Opening "Vienna game, Max Lange defense"]
[ECO "C25"]
[NIC "VG.04"]
[Time "20:01:17"]
[PlyCount "78"]
[TimeControl "180+2"]

1. e4 e5 2. Nc3 Nc6 3. Bc4 g6 4. Nf3 Bg7 5. Nd5 Nge7 6. c3 O-O 7. d4 h6 8.
Be3 d6 9. Qd2 Kh7 10. h4 f5 11. Ng5+ Kh8 12. exf5 gxf5 13. f4 Na5 14. Nxe7
Qxe7 15. Bd3 exf4 16. Kf2 fxe3+ 17. Qxe3 Qxe3+ 18. Kxe3 hxg5 19. hxg5+ Kg8
20. Kf4 d5 21. Rh5 Be6 22. Rah1 Rae8 23. g6 Nc6 24. Rh7 Ne7 25. Kg5 Nxg6
26. Kxg6 Rf6+ 27. Kg5 Bd7 28. g4 Ref8 29. gxf5 Bxf5 30. Bxf5 Rxf5+ 31. Kg4
Rf4+ 32. Kg5 R8f5+ 33. Kg6 Rf6+ 34. Kg5 R4f5+ 35. Kg4 Rf2 36. b3 Rg6+ 37.
Kh5 Kxh7 38. c4 Rfg2 39. cxd5 Rh6# { White checkmated } 0-1

[Event "ICC tourney 2541 (3 2)"]
[Site "Internet Chess Club"]
[Date "2021.04.30"]
[Round "1"]
[White "CARDOSO, CARLOS:cjcardoso"]
[Black "POPILSKI, GIL:kurumania"]
[Result "0-1"]
[ICCResult "White forfeits on time"]
[WhiteElo "1468"]
[BlackElo "2514"]
[Opening "Sicilian: Nimzovich-Rossolimo attack (without ...d6)"]
[ECO "B30"]
[NIC "SI.31"]
[Time "20:01:25"]
[PlyCount "52"]
[TimeControl "180+2"]

1. e4 c5 2. Nf3 Nc6 3. Bb5 d6 4. Bxc6+ bxc6 5. O-O e5 6. c4 f5 7. d3 Nf6 8.
Nc3 Be7 9. Bg5 O-O 10. Qd2 f4 11. Bxf6 Rxf6 12. Ne2 Qe8 13. Kh1 Qh5 14.
Neg1 g5 15. Qe2 Rh6 16. h3 g4 17. Nh2 Kh8 18. Rac1 Be6 19. f3 gxh3 20. gxh3
Rg8 21. Rf2 Bh4 22. Rg2 Bg3 23. Rxg3 fxg3 24. Ng4 Bxg4 25. fxg4 Rxg4 26.
Qg2 Qg5 { White forfeits on time } 0-1

[Event "ICC tourney 2541 (3 2)"]
[Site "Internet Chess Club"]
[Date "2021.04.30"]
[Round "1"]
[White "FEHD, JODIE LYNN:spaceegg"]
[Black "CHAN, MATTHEW M:mmchan"]
[Result "0-1"]
[ICCResult "White checkmated"]
[WhiteElo "1186"]
[BlackElo "1891"]
[Opening "Hungarian defense"]
[ECO "C50"]
[NIC "IG.03"]
[Time "20:01:20"]
[PlyCount "54"]
[TimeControl "180+2"]

1. e4 e5 2. Nf3 Nc6 3. Bc4 Be7 4. Nc3 Nf6 5. d3 d6 6. h3 h6 7. Be3 O-O 8.
Qd2 Kh7 9. g4 Ng8 10. g5 Be6 11. gxh6 Nxh6 12. Bxh6 gxh6 13. O-O-O Bxc4 14.
dxc4 Nd4 15. Nxd4 Bg5 16. f4 Bxf4 17. Kb1 Bxd2 18. Rxd2 exd4 19. Ne2 c5 20.
Nf4 Qg5 21. Rf2 Rae8 22. Nd5 f5 23. h4 Qh5 24. Nf4 Qg4 25. Nd5 Qxe4 26. Nc7
Qe1+ 27. Rxe1 Rxe1# { White checkmated } 0-1

[Event "ICC tourney 2541 (3 2)"]
[Site "Internet Chess Club"]
[Date "2021.04.30"]
[Round "1"]
[White "SCHENK, SAM:SupaHotFiya"]
[Black "Lopez, Santiago Ernesto:Oyant"]
[Result "1-0"]
[ICCResult "Black forfeits on time"]
[WhiteElo "1950"]
[BlackElo "1357"]
[Opening "Vienna gambit: Paulsen attack"]
[ECO "C29"]
[NIC "VG.03"]
[Time "20:01:46"]
[PlyCount "43"]
[TimeControl "180+2"]

1. e4 e5 2. Nc3 Nf6 3. f4 d5 4. fxe5 Nxe4 5. Qf3 Bc5 6. Nxe4 dxe4 7. Qxe4
Nc6 8. Nf3 O-O 9. c3 Re8 10. d4 Bf8 11. Ng5 g6 12. Bc4 Bf5 13. Qf4 Re7 14.
O-O Na5 15. Bxf7+ Rxf7 16. Nxf7 Kxf7 17. g4 Kg8 18. gxf5 Bg7 19. f6 Bf8 20.
f7+ Kh8 21. e6 Qe7 22. Qe5+ { Black forfeits on time } 1-0

[Event "ICC tourney 2541 (3 2)"]
[Site "Internet Chess Club"]
[Date "2021.04.30"]
[Round "1"]
[White "ZENG, CALEB:calebzeng"]
[Black "ZILBERMINTZ, LEV:chessrex"]
[Result "0-1"]
[ICCResult "White resigns"]
[WhiteElo "805"]
[BlackElo "1855"]
[Opening "Philidor: López counter-gambit"]
[ECO "C41"]
[NIC "KP.10"]
[Time "20:01:37"]
[PlyCount "118"]
[TimeControl "180+2"]

1. e4 e5 2. Nf3 d6 3. Bc4 f5 4. d3 c6 5. Nc3 f4 6. Bd2 Qf6 7. Qe2 g5 8. Bb3
g4 9. Ng1 h5 10. f3 Nh6 11. Qf2 Bg7 12. Nge2 Na6 13. a3 Nc5 14. Bc4 Be6 15.
Bxe6 Nxe6 16. g3 gxf3 17. Qxf3 Nf7 18. gxf4 Nd4 19. Nxd4 exd4 20. Ne2 c5
21. f5 Ne5 22. Qf2 O-O-O 23. O-O-O Kb8 24. Kb1 Ng4 25. Qg3 Bh6 26. Bxh6
Rxh6 27. h3 Ne3 28. Rc1 h4 29. Qf4 Rg8 30. Rhg1 Rhh8 31. Rxg8+ Rxg8 32. Rg1
Rxg1+ 33. Nxg1 Kc7 34. Nf3 Ng2 35. Qg5 Qxg5 36. Nxg5 Nf4 37. Ne6+ Nxe6 38.
fxe6 Kd8 39. Kc1 Ke7 40. Kd2 Kxe6 41. Ke2 Ke5 42. Kf3 d5 43. exd5 Kxd5 44.
Kg4 c4 45. Kxh4 b5 46. Kg5 a5 47. h4 b4 48. axb4 axb4 49. h5 b3 50. cxb3
cxd3 51. h6 d2 52. h7 d1=Q 53. h8=Q Qg1+ 54. Kh6 Qh2+ 55. Kg7 Qxh8+ 56.
Kxh8 d3 57. b4 d2 58. b5 d1=Q 59. b6 Kc6 { White resigns } 0-1

[Event "ICC tourney 2541 (3 2)"]
[Site "Internet Chess Club"]
[Date "2021.04.30"]
[Round "1"]
[White "YU, AVERY:Averyyu321"]
[Black "ALEKSANDROV, ALEKSEJ:Aleksandrov73"]
[Result "0-1"]
[ICCResult "White checkmated"]
[WhiteElo "1671"]
[BlackElo "2623"]
[Opening "Giuoco Pianissimo"]
[ECO "C50"]
[NIC "IG.02"]
[Time "20:01:27"]
[PlyCount "88"]
[TimeControl "180+2"]

1. e4 e5 2. Nf3 Nc6 3. Bc4 Bc5 4. d3 Nf6 5. c3 d6 6. O-O h6 7. Nbd2 O-O 8.
Re1 a5 9. Bb3 Be6 10. Bc2 Re8 11. Nf1 d5 12. Qe2 a4 13. a3 b5 14. Ng3 dxe4
15. dxe4 Bc4 16. Qd1 Ng4 17. Be3 Nxe3 18. fxe3 g6 19. Nd2 Be6 20. Qe2 Qb8
21. Rad1 Qb6 22. Nf3 Rad8 23. h3 Kh7 24. Nh2 Na5 25. Ng4 Bxg4 26. hxg4 Nc4
27. Nf1 Nxb2 28. Rb1 Bxa3 29. Ra1 Bc5 30. Reb1 a3 31. Ra2 Kg7 32. Raxb2
axb2 33. Rxb2 c6 34. c4 b4 35. Bb3 Qc7 36. Ng3 Qd6 37. Rc2 Qd3 38. Ba2
Qxe3+ 39. Qxe3 Bxe3+ 40. Kh2 Bf4 41. Re2 Rd3 42. Kg1 Bxg3 43. Kf1 Rd1+ 44.
Re1 Rxe1# { White checkmated } 0-1

[Event "ICC tourney 2541 (3 2)"]
[Site "Internet Chess Club"]
[Date "2021.04.30"]
[Round "1"]
[White "GUSEINOV, GADIR:GGuseinov"]
[Black "BOYINEPALLY, KIRAN:BoyinK-99"]
[Result "1-0"]
[ICCResult "Black resigns"]
[WhiteElo "2715"]
[BlackElo "1673"]
[Opening "Caro-Kann: classical, 6.h4"]
[ECO "B19"]
[NIC "CK.11"]
[Time "20:01:26"]
[PlyCount "101"]
[TimeControl "180+2"]

1. e4 c6 2. d4 d5 3. Nd2 dxe4 4. Nxe4 Bf5 5. Ng3 Bg6 6. h4 h6 7. Nf3 Nf6 8.
Ne5 Bh7 9. Bd3 Bxd3 10. Qxd3 Nbd7 11. Bf4 e6 12. O-O-O Bd6 13. Kb1 Qc7 14.
Nxd7 Qxd7 15. Bc1 O-O-O 16. h5 Rhe8 17. Ne4 Be7 18. Bf4 Nxe4 19. Qxe4 Bf6
20. c3 Qd5 21. Qxd5 exd5 22. Kc2 Re2+ 23. Rd2 Rde8 24. Kd3 R2e4 25. Be3 Kd7
26. a4 a5 27. g3 Bd8 28. Rb1 b6 29. b4 axb4 30. cxb4 Bc7 31. Re2 f5 32. Ra1
Ra8 33. Rea2 f4 34. gxf4 Bxf4 35. Rg1 Bxe3 36. Rxg7+ Re7 37. Rxe7+ Kxe7 38.
fxe3 Kf6 39. Rg2 Rxa4 40. Rg6+ Kf7 41. Rxh6 Kg7 42. Rxc6 Rxb4 43. Rd6 Rb5
44. Ke2 Rb2+ 45. Kf3 b5 46. Rxd5 b4 47. Rb5 Rb1 48. Ke4 b3 49. Rb6 b2 50.
d5 Kf7 51. h6 { Black resigns } 1-0

[Event "ICC tourney 2541 (3 2)"]
[Site "Internet Chess Club"]
[Date "2021.04.30"]
[Round "1"]
[White "ZHOU, VANESSA G:vanessa4play"]
[Black "NI, BRANDON:chessbn"]
[Result "0-1"]
[ICCResult "White forfeits on time"]
[WhiteElo "1352"]
[BlackElo "1930"]
[Opening "Caro-Kann: two knights, 3...Bg4"]
[ECO "B11"]
[NIC "CK.01"]
[Time "20:01:15"]
[PlyCount "84"]
[TimeControl "180+2"]

1. e4 c6 2. Nc3 d5 3. Nf3 Bg4 4. h3 Bxf3 5. Qxf3 e6 6. d4 Nd7 7. Bf4 dxe4
8. Nxe4 Ngf6 9. Nxf6+ Nxf6 10. O-O-O Bd6 11. Bd3 Bxf4+ 12. Qxf4 Nd5 13. Qg3
Qf6 14. c3 Rc8 15. Rhe1 O-O 16. Qe5 c5 17. Qxf6 Nxf6 18. dxc5 Rxc5 19. Kb1
Rfc8 20. Rd2 Nd5 21. g3 g6 22. Bc2 Kg7 23. Bb3 Nb6 24. Red1 h5 25. a4 a5
26. Rd6 R5c6 27. Rxc6 Rxc6 28. Kc2 Kf6 29. Rd8 Ke7 30. Rd4 Nd7 31. f4 Nc5
32. Ba2 Rd6 33. Rxd6 Kxd6 34. b3 Ne4 35. g4 hxg4 36. hxg4 Nf2 37. b4 axb4
38. cxb4 Nxg4 39. Kd3 Nf6 40. Kd4 Nd5 41. Bxd5 exd5 42. b5 b6 { White
forfeits on time } 0-1

[Event "ICC tourney 2541 (3 2)"]
[Site "Internet Chess Club"]
[Date "2021.04.30"]
[Round "1"]
[White "MYSORE, ABHINAV NAVEEN:Mapking1"]
[Black "SZERENCSY, IAN:iszerencsy"]
[Result "1-0"]
[ICCResult "Black forfeits on time"]
[WhiteElo "1999"]
[BlackElo "1371"]
[Opening "Sicilian defense"]
[ECO "B33"]
[NIC "SI.34"]
[Time "20:01:16"]
[PlyCount "69"]
[TimeControl "180+2"]

1. e4 c5 2. Nf3 Nc6 3. d4 cxd4 4. Nxd4 Nf6 5. Nc3 e6 6. Nxc6 bxc6 7. Bd3 d5
8. O-O Be7 9. b3 O-O 10. Bb2 Bb7 11. Kh1 Rc8 12. e5 Nd7 13. f4 Re8 14. Rf3
g6 15. Rh3 Nf8 16. Ne2 c5 17. c4 d4 18. Ng3 f6 19. Qg4 f5 20. Qe2 Qd7 21.
Rg1 Bd8 22. Nf1 Bb6 23. Nd2 Bd8 24. Nf3 Rc7 25. g4 fxg4 26. Rxg4 Re7 27.
Kg1 Qc6 28. Kf2 Rg7 29. Ke1 Be7 30. Kd1 a5 31. a4 Ba8 32. Bc1 Rb7 33. Bc2
d3 34. Bxd3 Rxb3 35. Rgg3 { Black forfeits on time } 1-0

[Event "ICC tourney 2541 (3 2)"]
[Site "Internet Chess Club"]
[Date "2021.04.30"]
[Round "1"]
[White "KALYANRAMAN, NIKHIL:nikhilkalya"]
[Black "CHANG, ANSEL Yiktong:anselc"]
[Result "1-0"]
[ICCResult "Black resigns"]
[WhiteElo "1890"]
[BlackElo "933"]
[Opening "Réti opening"]
[ECO "A04"]
[NIC "QP.10"]
[Time "20:01:26"]
[PlyCount "77"]
[TimeControl "180+2"]

1. Nf3 c5 2. g3 d6 3. Bg2 Nc6 4. O-O g6 5. e3 Bg7 6. d4 cxd4 7. exd4 Nf6 8.
c3 O-O 9. Re1 Bf5 10. Bg5 h6 11. Bxf6 Bxf6 12. Nbd2 Rc8 13. Ne4 Bg7 14. Nh4
Qd7 15. Nxf5 Qxf5 16. Qb3 b6 17. Nd2 e6 18. Ne4 Rfd8 19. Qa3 d5 20. Nd6 Qf6
21. Nxc8 Rxc8 22. Qb3 Qe7 23. Qd1 Kh7 24. Qd2 Rf8 25. Bxd5 Qd6 26. Bxc6
Qxc6 27. Qe3 Rd8 28. Qe4 Rd5 29. Rac1 Qc4 30. b3 Qc7 31. Red1 Kg8 32. c4
Rd7 33. d5 exd5 34. Rxd5 Rxd5 35. Qxd5 Qe7 36. Rd1 Bc3 37. Qd8+ Kg7 38.
Qxe7 Bf6 39. Qxa7 { Black resigns } 1-0

[Event "ICC tourney 2541 (3 2)"]
[Site "Internet Chess Club"]
[Date "2021.04.30"]
[Round "1"]
[White "CALVELO, JELVIS ARANDELA:JelvisCalvelo04"]
[Black "Lamas, David:ChessMonkey123"]
[Result "0-1"]
[ICCResult "White forfeits on time"]
[WhiteElo "2081"]
[BlackElo "1431"]
[Opening "QGD: Ragozin variation"]
[ECO "D38"]
[NIC "NI.27"]
[Time "20:01:38"]
[PlyCount "102"]
[TimeControl "180+2"]

1. c4 Nf6 2. Nc3 e6 3. Nf3 d5 4. d4 Bb4 5. a3 Bxc3+ 6. bxc3 O-O 7. Bg5 Nbd7
8. e3 h6 9. Bh4 c6 10. Bd3 dxc4 11. Bxc4 Qa5 12. Qc2 c5 13. O-O b6 14. Ne5
Bb7 15. Nxd7 Nxd7 16. Rfd1 Rac8 17. d5 exd5 18. Bxd5 Bxd5 19. Rxd5 Qb5 20.
c4 Qc6 21. Rad1 Nb8 22. h3 Na6 23. Bg3 Nc7 24. Rd6 Qb7 25. Rd7 Qc6 26. R1d6
Qa8 27. Rxc7 Rxc7 28. Rxh6 gxh6 29. Bxc7 Qc6 30. Bf4 f5 31. Qc3 Qf6 32. Qd3
Rd8 33. Qe2 Qa1+ 34. Kh2 Qf6 35. g4 Re8 36. Qf3 fxg4 37. Qxg4+ Kh7 38. Qh5
Qg6 39. Qd5 Rg8 40. Bg3 Qg5 41. Qe4+ Qg6 42. Qe7+ Rg7 43. Qe5 Rf7 44. e4
Qg7 45. Qd5 Rd7 46. Qf5+ Kg8 47. e5 Re7 48. a4 Qf7 49. Qg4+ Kh7 50. f4 Qg7
51. Qf5+ Qg6 { White forfeits on time } 0-1

[Event "ICC tourney 2541 (3 2)"]
[Site "Internet Chess Club"]
[Date "2021.04.30"]
[Round "1"]
[White "BERKLEY, DARRIN K:drberkley"]
[Black "Son, Aven Christopher:ason451"]
[Result "1-0"]
[ICCResult "Black checkmated"]
[WhiteElo "1846"]
[BlackElo "330"]
[Opening "Vienna game"]
[ECO "C25"]
[NIC "VG.04"]
[Time "20:01:16"]
[PlyCount "161"]
[TimeControl "180+2"]

1. e4 e5 2. Nc3 d6 3. f4 Nc6 4. Nf3 Nf6 5. Bb5 Bd7 6. O-O Nd4 7. Bxd7+ Qxd7
8. fxe5 Nxf3+ 9. Qxf3 dxe5 10. d3 Bd6 11. Bg5 Be7 12. Bxf6 Bxf6 13. Nd5 Qd6
14. Nxf6+ Qxf6 15. Qxf6 gxf6 16. Rxf6 Ke7 17. Raf1 Raf8 18. R1f5 h5 19. Kf2
h4 20. h3 Rh7 21. Rf3 Rg7 22. R6f5 Rfg8 23. Rxe5+ Kd6 24. Rd5+ Ke6 25. Ke3
Rxg2 26. Rc5 c6 27. d4 R2g3 28. Rf5 Rg2 29. Rxf7 R2g3 30. Rxb7 Rxf3+ 31.
Kxf3 Rg3+ 32. Kf4 Rxh3 33. Rc7 Kd6 34. Rxa7 Rh2 35. c4 Rxb2 36. c5+ Ke6 37.
Ra6 Kd7 38. d5 h3 39. Ra7+ Kc8 40. Rh7 h2 41. Ke5 cxd5 42. exd5 Rxa2 43.
Kd6 Rf2 44. Kc6 Rf6+ 45. d6 Kb8 46. Rxh2 Rf8 47. Rh7 Rg8 48. Rb7+ Ka8 49.
Rc7 Kb8 50. Re7 Rc8+ 51. Kd5 Rg8 52. c6 Kc8 53. d7+ Kc7 54. Re8 Rg5+ 55.
Ke6 Rg6+ 56. Kf7 Rd6 57. Ke7 Rd5 58. d8=Q+ Rxd8 59. Rxd8 Kxc6 60. Ke6 Kc5
61. Ke5 Kc4 62. Rd7 Kc3 63. Ke4 Kc2 64. Ke3 Kc1 65. Ke2 Kc2 66. Rc7+ Kb3
67. Kd2 Kb4 68. Kd3 Kb5 69. Kd4 Kb6 70. Rc1 Kb5 71. Rc2 Kb6 72. Kd5 Kb7 73.
Kd6 Kb8 74. Kd7 Kb7 75. Rb2+ Ka6 76. Kc7 Ka5 77. Kc6 Ka4 78. Kc5 Ka3 79.
Rb8 Ka4 80. Rb7 Ka5 81. Ra7# { Black checkmated } 1-0

[Event "ICC tourney 2541 (3 2)"]
[Site "Internet Chess Club"]
[Date "2021.04.30"]
[Round "1"]
[White "GAO, MATTHEW IAN:xcelswimmer"]
[Black "palani, mohnishkirupaa:chesswarriors12"]
[Result "1-0"]
[ICCResult "Black checkmated"]
[WhiteElo "1918"]
[BlackElo "1347"]
[Opening "King's Indian: Sämisch, double fianchetto variation"]
[ECO "E82"]
[NIC "KI.45"]
[Time "20:01:22"]
[PlyCount "145"]
[TimeControl "180+2"]

1. d4 Nf6 2. c4 g6 3. f3 Bg7 4. e4 d6 5. Nc3 O-O 6. Be3 b6 7. Bd3 Bb7 8.
Qd2 Nc6 9. Nge2 Nb4 10. Bb1 Nc6 11. O-O Qd7 12. Kh1 Rad8 13. g4 e5 14. d5
Ne7 15. Ng3 c6 16. h4 Ba6 17. Bd3 cxd5 18. cxd5 Bxd3 19. Qxd3 Ne8 20. Rf2
f5 21. exf5 gxf5 22. Nh5 f4 23. Bd2 Ng6 24. Nxg7 Nxg7 25. h5 Ne7 26. Rg1
Kh8 27. Ne4 Qa4 28. a3 Qd4 29. Qxd4 exd4 30. Ng5 Nxd5 31. h6 Ne8 32. Ne6
Nef6 33. Nxd8 Rxd8 34. Rc1 Ne3 35. Rc7 Ra8 36. Bb4 Nfd5 37. Bxd6 Nxc7 38.
Bxc7 Rf8 39. Be5+ Kg8 40. Bxd4 Rd8 41. Bxe3 fxe3 42. Re2 Rd1+ 43. Kg2 Rd2
44. Kf1 Rd1+ 45. Re1 Rd2 46. Rxe3 Rxb2 47. Re7 Rh2 48. g5 Rh5 49. Rg7+ Kh8
50. Rxa7 Kg8 51. Rg7+ Kf8 52. Rxh7 Rxg5 53. Rb7 Ra5 54. h7 Rh5 55. Rb8+ Kg7
56. h8=Q+ Rxh8 57. Rxh8 Kxh8 58. Ke2 Kg7 59. Kd3 Kf6 60. Kc4 Ke6 61. Kb5
Kf5 62. Kxb6 Kf4 63. a4 Kxf3 64. a5 Ke4 65. a6 Kd5 66. a7 Kd4 67. a8=Q Kc3
68. Qe4 Kb2 69. Kc5 Ka1 70. Qe2 Kb1 71. Kb4 Ka1 72. Kb3 Kb1 73. Qd1# {
Black checkmated } 1-0

[Event "ICC tourney 2541 (3 2)"]
[Site "Internet Chess Club"]
[Date "2021.04.30"]
[Round "1"]
[White "SLADE, THEODORE LUKE:MrNormalName"]
[Black "WILLY, STEPHEN:stephenwilly"]
[Result "0-1"]
[ICCResult "White resigns"]
[WhiteElo "2170"]
[BlackElo "1460"]
[Opening "QGD: exchange, positional line"]
[ECO "D35"]
[NIC "QO.16"]
[Time "20:02:08"]
[PlyCount "194"]
[TimeControl "180+2"]

1. d4 d5 2. c4 e6 3. Nc3 Nf6 4. cxd5 exd5 5. Bg5 Be7 6. e3 c6 7. Bd3 O-O 8.
Nge2 h6 9. Bh4 Be6 10. O-O Nbd7 11. Nf4 Bg4 12. f3 Be6 13. Qd2 Qb6 14. Nxe6
fxe6 15. Kh1 Ne4 16. fxe4 Bxh4 17. e5 Bg5 18. Bc2 Rae8 19. Qd3 Rxf1+ 20.
Rxf1 Nf8 21. b3 Qc7 22. b4 Re7 23. Ne2 Rf7 24. Nf4 Qe7 25. a3 b6 26. Rf3
Bxf4 27. exf4 c5 28. bxc5 bxc5 29. f5 c4 30. Qf1 exf5 31. Bxf5 Ne6 32. Bh7+
Kf8 33. Bg6 Rxf3 34. Qxf3+ Kg8 35. Qg4 Nf8 36. a4 Qa3 37. h4 c3 38. e6 c2
39. Bxc2 Qe3 40. Qf5 Qe1+ 41. Kh2 Qxh4+ 42. Kg1 Qxd4+ 43. Kf1 Qc4+ 44. Bd3
Qc1+ 45. Kf2 Qd2+ 46. Be2 Qd4+ 47. Kf1 Qa1+ 48. Kf2 Qd4+ 49. Kg3 Qe3+ 50.
Bf3 Nxe6 51. Qxd5 Qf4+ 52. Kf2 Qd4+ 53. Qxd4 Nxd4 54. Bd5+ Kf8 55. Ke3 Nf5+
56. Kf4 Nd6 57. Ke5 Ke7 58. Bb3 g5 59. Bd1 Nc4+ 60. Kd4 Nb6 61. Kc5 Kd7 62.
Kb5 Kc7 63. Ka6 Kb8 64. a5 Nd5 65. Bf3 Ne3 66. Kb5 g4 67. Be4 h5 68. g3 Nf1
69. Bg6 Nxg3 70. Kc4 h4 71. Be8 h3 72. Bc6 h2 73. Kd3 h1=Q 74. Bxh1 Nxh1
75. Ke2 g3 76. Kf3 Nf2 77. Kxg3 Nd3 78. Kf3 Nb2 79. Ke3 Nc4+ 80. Kd4 Nxa5
81. Kc3 Kc7 82. Kb4 Kb6 83. Ka4 Nc6 84. Ka3 a5 85. Ka4 Nd4 86. Ka3 Kb5 87.
Ka2 a4 88. Ka3 Nc2+ 89. Kb2 Ne3 90. Kc3 Nc4 91. Kc2 Kb4 92. Kc1 a3 93. Kb1
Kb3 94. Ka1 Ne3 95. Kb1 Nc2 96. Kc1 a2 97. Kd2 a1=Q { White resigns } 0-1

[Event "ICC tourney 2541 (3 2)"]
[Site "Internet Chess Club"]
[Date "2021.04.30"]
[Round "2"]
[White "ALEKSANDROV, ALEKSEJ:Aleksandrov73"]
[Black "GAO, MATTHEW IAN:xcelswimmer"]
[Result "1-0"]
[ICCResult "Black resigns"]
[WhiteElo "2623"]
[BlackElo "1918"]
[Opening "QGA, Janowsky-Larsen variation"]
[ECO "D25"]
[NIC "QG.06"]
[Time "20:15:56"]
[PlyCount "27"]
[TimeControl "180+2"]

1. d4 d5 2. c4 dxc4 3. Nf3 Nf6 4. e3 Bg4 5. Bxc4 e6 6. Qb3 Nc6 7. Qxb7 Na5
8. Bb5+ Ke7 9. Qa6 c6 10. Be2 Qc7 11. Bd2 Nb7 12. Na3 Qb6 13. Rc1 Kd7 14.
Ne5+ { Black resigns } 1-0

[Event "ICC tourney 2541 (3 2)"]
[Site "Internet Chess Club"]
[Date "2021.04.30"]
[Round "2"]
[White "BELOUS, VLADIMIR:Openyagami"]
[Black "KALYANRAMAN, NIKHIL:nikhilkalya"]
[Result "1-0"]
[ICCResult "Black resigns"]
[WhiteElo "2602"]
[BlackElo "1890"]
[Opening "Neo-Grünfeld, 6.O-O c6"]
[ECO "D78"]
[NIC "QP.09"]
[Time "20:15:49"]
[PlyCount "67"]
[TimeControl "180+2"]

1. Nf3 d5 2. g3 c6 3. Bg2 Nf6 4. O-O g6 5. c4 Bg7 6. d4 O-O 7. Nc3 Re8 8.
cxd5 Nxd5 9. e4 Nxc3 10. bxc3 Bg4 11. Qb3 Qb6 12. Be3 Qxb3 13. axb3 Bxf3
14. Bxf3 Nd7 15. e5 f6 16. Bg4 f5 17. Be2 Nb6 18. c4 e6 19. f4 Red8 20. Ra5
Nc8 21. Kf2 a6 22. b4 Bf8 23. b5 Ne7 24. bxa6 Rxa6 25. Rxa6 bxa6 26. Ra1
Ra8 27. Bd2 c5 28. d5 exd5 29. cxd5 Nxd5 30. Bc4 Rd8 31. Ba5 Rd7 32. Rd1
Kg7 33. Rxd5 Rxd5 34. Bxd5 { Black resigns } 1-0

[Event "ICC tourney 2541 (3 2)"]
[Site "Internet Chess Club"]
[Date "2021.04.30"]
[Round "2"]
[White "MARKOVIC, GORAN:Goran21"]
[Black "WILLY, STEPHEN:stephenwilly"]
[Result "1-0"]
[ICCResult "Black checkmated"]
[WhiteElo "1995"]
[BlackElo "1460"]
[Opening "QGD Slav"]
[ECO "D11"]
[NIC "SL.01"]
[Time "20:15:52"]
[PlyCount "117"]
[TimeControl "180+2"]

1. c4 c6 2. d4 d5 3. e3 Nf6 4. Nf3 e6 5. Nbd2 Be7 6. Bd3 Nbd7 7. O-O h6 8.
e4 dxe4 9. Nxe4 Nxe4 10. Bxe4 Nf6 11. Bc2 O-O 12. b3 Bd6 13. Bb2 Bc7 14.
Qd3 Qd6 15. d5 g6 16. Bxf6 exd5 17. Be5 Qd8 18. Bxc7 Qxc7 19. cxd5 Bf5 20.
Qd2 Bxc2 21. Qxc2 Rad8 22. dxc6 bxc6 23. Rad1 Rxd1 24. Rxd1 Rd8 25. Rxd8+
Qxd8 26. g3 Qd5 27. Kg2 g5 28. Qc4 Qf5 29. Qxc6 g4 30. Nh4 Qd3 31. Qc8+ Kh7
32. Qxg4 Qd5+ 33. Qf3 Qe6 34. Qf5+ Qxf5 35. Nxf5 Kg6 36. Nxh6 Kxh6 37. b4
Kg5 38. a4 Kf5 39. b5 Ke5 40. a5 Kd5 41. b6 axb6 42. axb6 Kc6 43. h4 Kxb6
44. h5 Kc7 45. h6 Kd7 46. h7 Ke7 47. h8=Q f5 48. Kf3 f4 49. Kxf4 Ke6 50.
Qe5+ Kd7 51. Qf6 Ke8 52. Qg7 Kd8 53. Ke5 Kc8 54. Qf7 Kb8 55. g4 Ka8 56. g5
Kb8 57. g6 Ka8 58. g7 Kb8 59. g8=Q# { Black checkmated } 1-0

[Event "ICC tourney 2541 (3 2)"]
[Site "Internet Chess Club"]
[Date "2021.04.30"]
[Round "2"]
[White "SZERENCSY, IAN:iszerencsy"]
[Black "SLADE, THEODORE LUKE:MrNormalName"]
[Result "0-1"]
[ICCResult "White checkmated"]
[WhiteElo "1371"]
[BlackElo "2170"]
[Opening "Giuoco Piano"]
[ECO "C54"]
[NIC "IG.02"]
[Time "20:16:31"]
[PlyCount "62"]
[TimeControl "180+2"]

1. e4 e5 2. Nf3 Nc6 3. Bc4 Bc5 4. c3 Nf6 5. d4 exd4 6. e5 d5 7. Bb5 Ne4 8.
cxd4 Bb6 9. Nc3 O-O 10. Qc2 Bf5 11. Qb3 Nxd4 12. Nxd4 Bxd4 13. O-O Nxc3 14.
bxc3 Bxe5 15. Ba3 Bd6 16. Qxd5 Bxh2+ 17. Kxh2 Qxd5 18. Bxf8 Rxf8 19. Be2
Qe5+ 20. f4 Qxe2 21. Rae1 Qxa2 22. Kg1 h5 23. Rf2 Qc4 24. Re3 Qc5 25. Rfe2
Re8 26. Kf2 a5 27. g4 Bxg4 28. c4 Bxe2 29. Ke1 Qxe3 30. f5 Rd8 31. f6 Rd1#
{ White checkmated } 0-1